 Dungeon Crawl Stone Soup version 0.31-a0-43-g46d131a48f (webtiles) character file.

Game seed: 12162085150445133669

67586 pyrow613 the Fencer (level 14, -6/126 HPs)
             Began as a Demigod Fighter on May 18, 2023.
             Mangled by Rupert
             ... wielding a +0 great mace of protection
              (29 damage)
             ... on level 14 of the Dungeon on May 19, 2023.
             The game lasted 01:52:36 (28914 turns).

pyrow613 the Fencer (Demigod Fighter)              Turns: 28914, Time: 01:52:36

Health: -6/126     AC: 26    Str: 21    XL:     14   Next: 43%
Magic:  0/17       EV:  4    Int: 14    God:
Gold:   937        SH:  0    Dex: 27    Spells: 13/13 levels left

rFire   + . .        a - +2 triple sword (vamp)
rCold   + . .        (shield currently unavailable)
rNeg    . . .        k - +1 crystal plate armour {rC+}
rPois   .            U - +0 mask of the Dragon {Will+ Slay+3 SInv}
rElec   .            Q - scarf "Caplit" {shadows, +Inv rC+ Will++ Stlth-}
rCorr   .            (no gloves)
SInv    +            d - +0 pair of boots
Will    +++++        K - amulet of guardian spirit Stlth
                     n - +4 ring of slaying
HPRegen 0.41/turn    X - ring "Muofoz" {Fire Dex+6}
MPRegen 0.15/turn

%: guardian spirit
@: no status effects
A: high MP 1, forlorn, divine attributes, iridescent scales 1, strong-willed 1
a: Evoke Invisibility


You were on level 14 of the Dungeon.
You visited 4 branches of the dungeon, and saw 21 of its levels.
You also visited: Gauntlet and Ice Cave.

You collected 3176 gold pieces.
You spent 2239 gold pieces at shops.

Inventory:

Hand Weapons
 a - a +2 vampiric triple sword (weapon)
 b - a +2 shortbow of flaming
 m - a +2 demon blade of flaming
 w - the +9 glaive of Sudden Death {speed, *Noise Fly rF+++ MP-9}
   (You found it in an ice cave)

   rF:        It renders you almost immune to fire.
   MP:        It affects your magic capacity (-9).
   Fly:       It grants you flight.
   *Noise:    It may make noises in combat.
Missiles
 f - 2 throwing nets
 u - a curare-tipped dart
 B - 24 poisoned darts
 T - 3 atropa-tipped darts
Armour
 d - a +0 pair of boots (worn)
 k - a +1 crystal plate armour of cold resistance (worn)
 r - a scarf of invisibility
 C - a +0 tower shield
 H - a +2 plate armour of fire resistance
 Q - the scarf "Caplit" (worn) {shadows, +Inv rC+ Will++ Stlth-}
   (You bought it in a shop on level 1 of the Orcish Mines)

   rC:        It protects you from cold.
   +Inv:      It lets you turn invisible.
   Will:      It greatly increases your willpower.
   Stlth:     It makes you less stealthy.
 S - the +2 pair of boots of Dawn {*Corrode rElec Will+++ Int-4}
   (You found it in a Gauntlet)

   Int:       It affects your intelligence (-4).
   rElec:     It insulates you from electricity.
   *Corrode:  It may corrode you when you take damage.
   Will:      It greatly increases your willpower.
 U - the +0 mask of the Dragon (worn) {Will+ Slay+3 SInv}
   (You bought it in a shop on level 1 of the Orcish Mines)

   Slay:      It affects your accuracy & damage with ranged weapons and melee
   (+3).
   SInv:      It lets you see invisible.
   Will:      It increases your willpower.
Jewellery
 n - a +4 ring of slaying (left hand)
 p - a ring of poison resistance
 t - a ring of protection from fire
 z - a ring of flight
 J - the ring "Orhyrch" {rCorr Int+4}
   (You took it off a minotaur in a Gauntlet)

   [ring of resist corrosion]

   Int:       It affects your intelligence (+4).
   rCorr:     It protects you from acid and corrosion.
 K - an amulet of guardian spirit (around neck)
 O - a ring of ice
 X - the ring "Muofoz" (right hand) {Fire Dex+6}
   (You found it on level 4 of the Lair of Beasts)

   [ring of fire]

   It enhances your fire magic.
   Dex:       It affects your dexterity (+6).
   rF:        It protects you from fire.
   rC:        It makes you vulnerable to cold.
 Z - the ring of Peucy {rC+ Will+ MP+9}
   (You found it in an ice cave)

   [ring of magical power]

   rC:        It protects you from cold.
   MP:        It affects your magic capacity (+9).
   Will:      It increases your willpower.
Wands
 o - a wand of flame (37)
 y - a wand of iceblast (11)
 G - a wand of mindburst (9)
 L - a wand of charming (4)
Scrolls
 c - 2 scrolls of blinking
 h - 7 scrolls of teleportation
 j - 4 scrolls of amnesia
 x - 9 scrolls of identify
 F - 2 scrolls of silence
 M - 5 scrolls of magic mapping
 P - 2 scrolls of fog
 Y - a scroll of fear
Potions
 g - 3 potions of brilliance
 i - a potion of ambrosia
 l - 3 potions of curing
 q - a potion of magic
 A - a potion of resistance
 D - 2 potions of mutation
 I - 2 potions of attraction
 R - 3 potions of might
 V - a potion of heal wounds
 W - 2 potions of flight
Miscellaneous
 E - a tin of tremorstones (2/2)


   Skills:
 + Level 12.1 Fighting
 * Level 16.4 Long Blades
 + Level 5.3 Ranged Weapons
 + Level 12.1 Armour
 - Level 6.4 Shields


You had 13 spell levels left.
You didn't know any spells.
Your spell library contained the following spells:

 Spells                   Type           Power      Damage    Failure   Level
 Necrotise                Necr           0%         1d4       100%        1
 Call Imp                 Summ           0%         N/A       100%        2
 Cigotuvi's Dreadful Rot  Necr/Pois/Air  0%         N/A       100%        2
 Lesser Beckoning         Tloc           0%         N/A       100%        2
 Static Discharge         Conj/Air       0%         2-2/arc   100%        2
 Dazzling Flash           Conj/Hex       0%         N/A       100%        3
 Frozen Ramparts          Ice            0%         1d1       100%        3
 Gell's Gravitas          Tloc           0%         N/A       100%        3
 Ignite Poison            Fire/Tmut/Pois 0%         N/A       100%        3
 Inner Flame              Hex/Fire       0%         N/A       100%        3
 Teleport Other           Tloc           0%         N/A       100%        3
 Vampiric Draining        Necr           0%         2d6       100%        3
 Vhi's Electric Charge    Tloc/Air       0%         N/A       100%        3
 Volatile Blastmotes      Fire/Tloc      0%         2d10      100%        3
 Airstrike                Air            0%         2d(0-16)  100%        4
 Flame Wave               Conj/Fire      0%         2d4       100%        4
 Iskenderun's Mystic Bla  Conj/Tloc      0%         2d3       100%        4
 Sticky Flame             Conj/Fire      0%         2d3       100%        4
 Summon Lightning Spire   Summ/Air       0%         N/A       100%        4
 Agony                    Necr           0%         N/A       100%        5
 Arcjolt                  Conj/Air       0%         1d10      100%        5
 Freezing Cloud           Conj/Ice/Air   0%         6-21      100%        5
 Silence                  Hex/Air        0%         N/A       100%        5
 Starburst                Conj/Fire      0%         6d3       100%        6
 Ignition                 Fire           0%         3d3       100%        8
 Maxwell's Capacitive Co  Air            0%         ∞         100%        8


Dungeon Overview and Level Annotations

Branches:
Dungeon (14/15)            Temple (0/1) D:5            Lair (4/5) D:10
 Shoals (1/4) Lair:2       Spider (0/4) Lair:2        Slime (0/5) Lair:4
    Orc (2/2) D:12            Elf (0/3) Orc:2         IceCv (visited)
Gauntlet (visited)
 Vaults: D:13-14

Shops:
D:2 =   D:7 *   Orc:1 [*!?[   Orc:2 *(:[

Annotations:
D:6 3 runed translucent doors, oldplebian's ghost, amateur DgCj
D:8 1 runed translucent door, lunkers's ghost, novice MeAE
D:10 exclusion: downstairs
D:11 2 runed translucent doors, diodin's ghost, journeyman NaIE
D:14 Rupert


Innate Abilities, Weirdness & Mutations

You have an increased reservoir of magic. (+10% MP)
You shall have no god before yourself.
Your divine heritage dramatically boosts your attributes as you level up.
You are partially covered in iridescent scales. (AC +2)
You are strong-willed. (Will+)


Message History

You slash Rupert!
You feel better.
Rupert is severely wounded.
Rupert hits you with a +0 great mace of protection!
You slash Rupert!
You feel better.
Rupert is severely wounded.
Rupert hits you but does no damage.
You completely miss Rupert.
Rupert is severely wounded.
Rupert hits you but does no damage.
Rupert hits you with a +0 great mace of protection!
You closely miss Rupert.
Rupert is severely wounded.
Rupert hits you with a +0 great mace of protection!!
* * * LOW HITPOINT WARNING * * *
You slice Rupert!!
You feel better.
Rupert is almost dead.
Rupert hits you with a +0 great mace of protection!!
* * * LOW HITPOINT WARNING * * *
Rupert hits you with a +0 great mace of protection.
* * * LOW HITPOINT WARNING * * *
You hit Rupert but do no damage.
Rupert is almost dead.
Rupert hits you with a +0 great mace of protection.
* * * LOW HITPOINT WARNING * * *
You feel much better.
Rupert hits you with a +0 great mace of protection!
* * * LOW HITPOINT WARNING * * *
Rupert barely misses you.
You barely miss Rupert.
Rupert is almost dead.
Rupert hits you with a +0 great mace of protection!
* * * LOW HITPOINT WARNING * * *
You feel much better.
Rupert hits you with a +0 great mace of protection!
* * * LOW HITPOINT WARNING * * *
Rupert barely misses you.
You slash Rupert!
You feel better.
Rupert is almost dead.
Rupert hits you with a +0 great mace of protection!!
You die...

.@......#
.......<###
.......$...#
........##.+
#####.## #
#..# #.##
######.#
#..@@..#
#.###### #


You could see Rupert (berserk).

Vanquished Creatures
  An orc warlord (Orc:2)
  A minotaur (Gauntlet)
  A hydra (Lair:4)
  2 ironbound frosthearts (IceCv)
  A ghost crab (Gauntlet)
  A centaur warrior (D:9)
  7 two-headed ogres
  3 catoblepae
  4 boulder beetles
  An orc high priest (D:12)
  8 death yaks
  4 skeletal warriors
  4 orc knights
  4 harpies (Lair:2)
  A manticore (D:13)
  5 orc sorcerers
  A black mamba (Lair:4)
  2 ugly things
  3 gargoyles
  2 cyclopes
  2 torpor snails
  9 elephants
  A smoke demon (Gauntlet)
  An ice statue (IceCv)
  An unseen horror (D:12)
  9 cane toads
  Psyche (D:11)
  2 minotaur zombies (Gauntlet)
  6 komodo dragons
  9 rime drakes
  An efreet (D:13)
  2 trolls
  A hornet (D:7)
  13 polar bears
  3 blink frogs (Lair:3)
  Sigmund (D:2)
  2 spriggans (Lair:2)
  A vampire (D:5)
  6 shadows
  3 slime creatures (D:13)
  4 wyverns
  59 yaks
  A water elemental (D:13)
  2 wraiths
  A basilisk (D:10)
  The ghost of minhee2137 the Poker, an amateur MfGl of Ignis (D:5)
  2 steam dragons
  5 wargs
  2 acid dragons
  9 water moccasins
  Duvessa (D:7)
  31 orc warriors
  3 sky beasts
  4 black bears
  2 ice beasts
  4 ogres
  28 wolves
  3 centaurs
  3 bullfrogs
  2 kobold brigands
  A scorpion (D:5)
  A gnoll sergeant (D:12)
  Dowan (D:7)
  5 wights (D:6)
  An electric eel (D:13)
  6 howler monkeys
  3 crimson imps (Gauntlet)
  6 hounds
  8 jellies
  4 iguanas
  13 orc priests
  Jessica (D:3)
  A gnoll bouda (D:4)
  12 orc wizards
  A sleepcap (D:7)
  11 gnolls
  8 adders
  2 white imps (D:6)
  3 worms
  A dart slug (D:1)
  88 orcs
  4 bats
  6 endoplasms
  4 giant cockroaches
  5 hobgoblins
  14 kobolds
  4 quokkas
  3 ball pythons
  4 frilled lizards
  7 goblins
  9 rats
534 creatures vanquished.

Vanquished Creatures (collateral kills)
  A manticore (D:9)
1 creature vanquished.

Vanquished Creatures (others)
  A boulder beetle (D:9)
1 creature vanquished.

Grand Total: 536 creatures vanquished

Notes
Turn   | Place    | Note
-------+----------+-------------------------------------------
     0 | D:1      | pyrow613 the Demigod Fighter began the quest for the Orb.
     0 | D:1      | Reached XP level 1. HP: 18/18 MP: 3/3
   206 | D:1      | Reached skill level 2 in Long Blades
   315 | D:1      | Reached XP level 2. HP: 19/25 MP: 4/4
   849 | D:2      | Noticed Sigmund
  1011 | D:2      | Reached XP level 3. HP: 25/31 MP: 5/5
  1142 | D:2      | Killed Sigmund
  1143 | D:2      | Reached skill level 3 in Long Blades
  1143 | D:2      | Reached XP level 4. HP: 5/38 MP: 6/6
  1143 | D:2      | Reached XP level 5. HP: 6/45 MP: 7/7
  1383 | D:2      | Found Vonaluin's Jewellery Shop.
  1646 | D:3      | Noticed Jessica
  1741 | D:3      | Killed Jessica
  2180 | D:3      | Reached skill level 4 in Long Blades
  2180 | D:3      | Reached XP level 6. HP: 47/52 MP: 8/8
  2958 | D:5      | Entered Level 5 of the Dungeon
  3365 | D:5      | Found a runed translucent gate.
  3365 | D:5      | Found a runed translucent gate.
  3366 | D:5      | Found a runed translucent gate.
  3366 | D:5      | Noticed a vampire
  3368 | D:5      | Noticed minhee2137's ghost (amateur MfGl)
  3572 | D:5      | Found a staircase to the Ecumenical Temple.
  3627 | D:5      | Reached XP level 7. HP: 54/59 MP: 9/9
  3780 | D:5      | Reached skill level 5 in Long Blades
  4385 | D:6      | Noticed a two-headed ogre
  4391 | D:6      | Killed a two-headed ogre
  4392 | D:6      | Reached skill level 6 in Long Blades
  4392 | D:6      | Reached XP level 8. HP: 26/67 MP: 10/10
  4569 | D:6      | Reached skill level 5 in Fighting
  4569 | D:6      | Reached skill level 5 in Shields
  4598 | D:6      | Reached skill level 5 in Armour
  4948 | D:6      | Noticed a kobold demonologist
  4951 | D:6      | Noticed oldplebian's ghost (amateur DgCj)
  5070 | D:6      | Found a runed translucent gate.
  5070 | D:6      | Found a runed translucent gate.
  5080 | D:6      | Found a runed translucent gate.
  5195 | D:6      | Reached skill level 7 in Long Blades
  5539 | D:6      | Reached XP level 9. HP: 60/75 MP: 11/11
  6500 | D:7      | Found Hatunivo's Mass Market.
  6689 | D:7      | Noticed Duvessa
  6689 | D:7      | Noticed Dowan
  6712 | D:7      | Killed Duvessa
  6717 | D:7      | Killed Dowan
  6938 | D:7      | Reached skill level 8 in Long Blades
  7497 | D:7      | Identified the +0 pair of boots "Nulodum" {Contam +Inv rN+}
  8180 | D:8      | Reached skill level 9 in Long Blades
  8282 | D:8      | Identified a scroll of acquirement
  8282 | D:8      | Acquired 978 gold pieces
  8421 | D:7      | Bought a +0 plate armour of fire resistance for 360 gold
                  | pieces
  8433 | D:7      | Bought a +0 triple sword for 120 gold pieces
  8433 | D:7      | Bought a +0 tower shield for 54 gold pieces
  8556 | D:2      | Bought a ring of willpower for 300 gold pieces
  8556 | D:2      | Bought an amulet of guardian spirit for 360 gold pieces
  8825 | D:8      | Reached XP level 10. HP: 84/84 MP: 13/13
  9096 | D:8      | Found a runed translucent door.
  9097 | D:8      | Noticed lunkers's ghost (novice MeAE)
  9098 | D:8      | Identified the +8 spear "Beetle's Foe" {flame, rElec rF++
                  | rN+ Dex-2}
  9505 | D:5      | Killed minhee2137's ghost
  9856 | D:9      | Reached skill level 10 in Long Blades
 10538 | D:9      | Noticed a catoblepas
 10538 | D:9      | Noticed a manticore
 10538 | D:9      | Noticed a centaur warrior
 10538 | D:9      | Noticed a boulder beetle
 10596 | D:10     | Entered Level 10 of the Dungeon
 10842 | D:9      | Killed a centaur warrior
 10942 | D:9      | Killed a manticore
 11099 | D:9      | Killed a catoblepas
 11311 | D:9      | Noticed a boulder beetle
 11330 | D:9      | Killed a boulder beetle
 11331 | D:9      | Reached XP level 11. HP: 68/93 MP: 11/14
 11348 | D:9      | Identified the amulet of Bayk {Acrobat Int+8}
 11351 | D:9      | Got the Monograph on Hiemal Attendants
 11357 | D:9      | Identified the +0 robe of Wetrun {*Slow +Inv rPois Int-5}
 11549 | D:10     | Noticed a two-headed ogre
 11565 | D:10     | Killed a two-headed ogre
 11566 | D:10     | Reached skill level 11 in Long Blades
 11868 | D:10     | Found a staircase to the Lair.
 12085 | D:10     | Noticed a two-headed ogre
 12103 | D:10     | Killed a two-headed ogre
 12728 | D:10     | Noticed a two-headed ogre
 12748 | D:10     | Killed a two-headed ogre
 12848 | D:11     | Noticed a two-headed ogre
 13505 | D:11     | Found a large runed translucent door.
 13505 | D:11     | Found a large runed translucent door.
 13510 | D:11     | Noticed diodin's ghost (journeyman NaIE)
 13603 | D:11     | Noticed Psyche
 13614 | D:11     | Killed Psyche
 13814 | D:11     | Killed a two-headed ogre
 13815 | D:11     | Reached skill level 12 in Long Blades
 13886 | D:11     | Noticed a two-headed ogre
 13904 | D:11     | Killed a two-headed ogre
 14461 | Lair:1   | Entered Level 1 of the Lair of Beasts
 14800 | Lair:1   | Noticed a catoblepas
 15371 | Lair:1   | Gained mutation: You are strong-willed. (Will+) [potion of
                  | mutation]
 15371 | Lair:1   | Gained mutation: You are partially covered in iridescent
                  | scales. (AC +2) [potion of mutation]
 15396 | Lair:1   | Killed a catoblepas
 15604 | Lair:1   | Reached XP level 12. HP: 105/105 MP: 15/15
 16246 | D:12     | Noticed a boulder beetle
 16291 | D:12     | Killed a boulder beetle
 16519 | D:12     | Found a staircase to the Orcish Mines.
 16596 | D:12     | Noticed a boulder beetle
 16602 | D:12     | Killed a boulder beetle
 16603 | D:12     | Reached skill level 13 in Long Blades
 16786 | D:12     | Noticed a boulder beetle
 16796 | D:12     | Killed a boulder beetle
 17934 | Lair:2   | Reached skill level 10 in Fighting
 17939 | Lair:2   | Reached skill level 10 in Armour
 18238 | Lair:2   | Found a hole to the Spider Nest.
 18621 | Lair:2   | Found a staircase to the Shoals.
 19693 | Lair:3   | Noticed a catoblepas
 19719 | Lair:3   | Killed a catoblepas
 20020 | Lair:3   | Reached skill level 14 in Long Blades
 20775 | Lair:3   | Reached XP level 13. HP: 110/114 MP: 16/16
 20819 | Lair:3   | You fall into a shaft and drop 1 floor!
 21219 | Lair:4   | Identified the ring "Muofoz" {Fire Dex+6}
 21340 | Lair:4   | Found a staircase to the Slime Pits.
 21402 | Lair:4   | Reached skill level 1 in Ranged Weapons
 22673 | D:12     | Reached skill level 15 in Long Blades
 23156 | Orc:1    | Entered Level 1 of the Orcish Mines
 23164 | Orc:1    | Found Dekurad's Distillery.
 23188 | Orc:1    | Bought a potion of might for 64 gold pieces
 23188 | Orc:1    | Bought a potion of heal wounds for 80 gold pieces
 23188 | Orc:1    | Bought a potion of heal wounds for 80 gold pieces
 23196 | Orc:1    | Found Tebyonti's General Store.
 23828 | Orc:1    | Bought the +0 mask of the Dragon {Will+ Slay+3 SInv} for
                  | 601 gold pieces
 23828 | Orc:1    | Found the +0 mask of the Dragon {Will+ Slay+3 SInv}
 23896 | Orc:1    | Found Winlenoka's Antique Armour Shoppe.
 23909 | Orc:1    | Bought an ichor-stained scarf for 220 gold pieces
 23909 | Orc:1    | Identified the scarf "Caplit" {shadows, +Inv rC+ Will++
                  | Stlth-} (You bought it in a shop on level 1 of the Orcish
                  | Mines)
 23987 | Orc:1    | Found Caicvenu's Antique Armour Boutique.
 24075 | Orc:1    | Found Weoreod's Magic Scroll Shoppe.
 24134 | Orc:2    | Entered Level 2 of the Orcish Mines
 24134 | Orc:2    | Found a staircase to the Elven Halls.
 24426 | Orc:2    | Noticed an orc warlord
 24446 | Orc:2    | Killed an orc warlord
 24658 | Orc:2    | Found Waib's Antique Armour Shop.
 24755 | Orc:2    | Found a frozen archway.
 24793 | IceCv    | Entered an ice cave
 25170 | IceCv    | Reached XP level 14. HP: 117/125 MP: 14/17
 25388 | IceCv    | Reached skill level 16 in Long Blades
 25531 | IceCv    | Identified the +9 glaive of Sudden Death {speed, *Noise Fly
                  | rF+++ MP-9}
 25532 | IceCv    | Identified the ring of Peucy {rC+ Will+ MP+9}
 25809 | Orc:2    | Found Xesmow's Book Emporium.
 26131 | Orc:2    | Found Tiog's Antique Weapon Boutique.
 26230 | Orc:2    | Found Juprent's General Store.
 26554 | Shoals:1 | Entered Level 1 of the Shoals
 26979 | D:13     | Found a gate leading to a gauntlet.
 26997 | D:13     | Reached skill level 5 in Ranged Weapons
 26998 | Gauntlet | Entered a Gauntlet
 26998 | Gauntlet | Found a transporter.
 27031 | Gauntlet | Found a transporter.
 27039 | Gauntlet | Found a transporter.
 27044 | Gauntlet | Found a transporter.
 27065 | Gauntlet | Found a transporter.
 27079 | Gauntlet | Found a transporter.
 27102 | Gauntlet | Found a transporter.
 27125 | Gauntlet | Found a transporter.
 27131 | Gauntlet | Found a transporter.
 27148 | Gauntlet | Found a transporter.
 27174 | Gauntlet | Found a transporter.
 27188 | Gauntlet | Found a transporter.
 27206 | Gauntlet | Found a transporter.
 27208 | Gauntlet | Found a transporter.
 27234 | Gauntlet | Found a transporter.
 27236 | Gauntlet | Found a transporter.
 27449 | Gauntlet | Found a transporter.
 27452 | Gauntlet | Found a transporter.
 27629 | Gauntlet | Identified the +2 pair of boots of Dawn {*Corrode rElec
                  | Will+++ Int-4}
 27663 | Gauntlet | Identified the ring "Orhyrch" {rCorr Int+4}
 28889 | D:14     | Noticed Rupert
 28914 | D:14     | Mangled by Rupert

Illustrated notes

Levels and vault maps discovered:
D:1:      eino_arrival_cavern_b, layout_loops_ring,
          hellmonk_ecumenical_altar_inner_sanctum
D:2:      layout_basic, serial_shops, shop, uniq_sigmund
D:3:      layout_loops_ring, uniq_jessica
D:4:      layout_cave_pools, serial_bayou_pond_c
D:5:      layout_loops_ring, gammafunk_temple_overflow_pools,
          minmay_temple_entry_statues_fountains, gammafunk_ghost_split
D:6:      layout_basic, gammafunk_ghost_split
D:7:      layout_loops_corners, minmay_hedge_maze, minmay_shop_mass,
          uniq_duvessa
D:8:      layout_loops_ring, grunt_temple_overflow_open,
          mainiacjoe_overflow_paths, ebering_ghost_funeral_grove,
          chequers_jeans, feat_on_display
D:9:      minmay_shrinking_squares, layout_rooms
D:10:     layout_roguey [special_room_orc], david_lair_generic
D:11:     layout_small_grid, ebering_ghost_disaster_area, uniq_psyche
D:12:     layout_basic, hiddenorc1_lemuel
D:13:     layout_irregular_city, gauntlet_entry_generic,
          hangedman_abyss_or_decor_slice, water_boxes_lemuel
D:14:     layout_roguey, lightli_vaults_fourway_checkpoint, uniq_rupert
Lair:1:   layout_small_grid, eino_small_chamber_without_monster,
          grunt_megastairs_1, lemuel_fruit_tree, infiniplex_staircase_pool
Lair:2:   layout_cave_pods, nicolae_shoals_entry_roost,
          spider_nest_entry_web_field, forest_entry_grove, serial_bayou_shore_b
Lair:3:   layout_gridlike
Lair:4:   layout_hall_layers, nicolae_slime_entry_field_trip,
          infiniplex_staircase_pool_2
Shoals:1: layout_shoals, uniq_nikola
Orc:1:    layout_caves, serial_shops, nicolae_shop_rolled_up,
          nicolae_shop_getting_attention, nicolae_square_shop, shop, shop
Orc:2:    grunt_orc_gardens, layout_caves, grunt_orc_garden, grunt_orc_garden,
          grunt_orc_garden, grunt_orc_garden,
          portal_ice_cave_entry_animals_and_master

Skill      XL: |  1  2  3  4  5  6  7  8  9 10 11 12 13 14 |
---------------+-------------------------------------------+-----
Long Blades    | 2 3 4 6 7 9 10 12 14 15 16 | 16.4
Fighting       | 3 4 5 6 8 9 10 11 12 | 12.1
Armour         | 3 4 5 6 8 9 10 11 12 | 12.1
Shields        | 3 4 5 6 |  6.4
Ranged Weapons | 4 5 |  5.3

Action                     |  1- 3 |  4- 6 |  7- 9 | 10-12 | 13-15 || total
---------------------------+-------+-------+-------+-------+-------++-------
  Melee: Long sword        |    69 |   164 |   303 |   346 |       ||   882
         Triple sword      |       |       |       |   386 |   651 ||  1037
         Hand axe          |       |       |       |       |     9 ||     9
   Fire: Sling             |     3 |    10 |    21 |    24 |       ||    58
         Shortbow          |       |       |       |       |    75 ||    75
  Evoke: Wand              |       |       |     7 |    23 |     4 ||    34
    Use: Scroll            |     1 |     6 |    11 |    22 |     7 ||    47
         Potion            |     1 |     2 |     3 |     9 |     4 ||    19
   Stab: Invisible         |       |       |       |     3 |       ||     3
 Armour: Scale mail        |    28 |    73 |    82 |       |       ||   183
         Chain mail        |       |       |    71 |       |       ||    71
         Plate armour      |       |       |     2 |   546 |   360 ||   908
         Crystal plate arm |       |       |       |       |   261 ||   261
  Dodge: Dodged            |    27 |    74 |   104 |   240 |   231 ||   676
  Block: Buckler           |     9 |    41 |    85 |    76 |       ||   211

Table legend: (Time is in decaauts)
 A = Elapsed time spent in this place.
 B = Non-inter-level travel time spent in this place.
 C = Inter-level travel time spent in this place.
 D = Time resting spent in this place.
 E = Time spent auto-exploring this place.
 F = Levels seen in this place.
 G = Mean time per level.
                   A        B        C        D        E       F      G
               +--------+--------+--------+--------+--------+-----+--------+
         Total |  29179 |  27180 |   1999 |   8261 |  13486 |  23 | 1268.7 |
       Dungeon |  19145 |  17584 |   1561 |   5959 |   8389 |  14 | 1367.5 |
          Lair |   6260 |   5880 |    380 |   1792 |   3139 |   4 | 1565.0 |
        Shoals |      8 |      8 |      0 |      0 |      0 |   1 |    8.0 |
  Orcish Mines |   1924 |   1868 |     56 |    429 |    901 |   2 |  962.0 |
      Ice Cave |    969 |    969 |      0 |      5 |    577 |   1 |  969.0 |
      Gauntlet |    871 |    871 |      0 |     75 |    479 |   1 |  871.0 |
               +--------+--------+--------+--------+--------+-----+--------+

Top non-repeatable levels by time:
    D:12: 2346 daAuts
    D:11: 2194 daAuts
     D:6: 2055 daAuts
     D:9: 1991 daAuts
  Lair:2: 1961 daAuts
     D:7: 1761 daAuts
  Lair:4: 1631 daAuts
    D:10: 1605 daAuts
     D:5: 1462 daAuts
  Lair:1: 1334 daAuts
  Lair:3: 1333 daAuts
     D:8: 1196 daAuts
    D:13: 1044 daAuts
   Orc:1: 1017 daAuts
   IceCv: 969 daAuts
